 Dungeon Crawl Stone Soup version 0.29.0-15-g675c0067aa (webtiles) character file.

Game seed: 17499552744618912182

102 qw the Chopper (level 4, -6/28 HPs)
             Began as a Gargoyle Fighter on Sept 12, 2022.
             Killed from afar by Sigmund (11 damage)
             ... with a puff of flame
             ... on level 3 of the Dungeon.
             The game lasted 00:00:54 (2374 turns).

qw the Chopper (Gargoyle Fighter)                   Turns: 2374, Time: 00:00:54

Health: -6/28      AC: 10    Str: 21    XL:     4   Next: 78%
Magic:  4/4        EV:  9    Int:  9    God:
Gold:   33         SH:  4    Dex:  9    Spells: 3/3 levels left

rFire   . . .      SeeInvis .   Y - +0 war axe
rCold   . . .      Faith    .   c - +0 buckler
rNeg    + . .      Spirit   .   b - +0 scale mail
rPois   inf        Reflect  .   (no helmet)
rElec   +          Harm     .   (no cloak)
rCorr   .          Rampage  .   (no gloves)
Will    .....                   (no boots)
Stlth   ..........              (no amulet)
HPRegen 0.09/turn               (no ring)
MPRegen 0.09/turn               (no ring)

@: no status effects
A: sickness immunity, AC +3, negative energy resistance 1, electricity
resistance, torment resistance 1, petrification resistance
a: no special abilities


You were on level 3 of the Dungeon.
You visited 1 branch of the dungeon, and saw 3 of its levels.

You collected 127 gold pieces.
You spent 94 gold pieces at shops.


Innate Abilities, Weirdness & Mutations

You are immune to sickness and miasma.
Your stone body is resilient. (AC +3)
You are immune to poison.
You resist negative energy. (rN+)
You are resistant to electric shocks. (rElec)
You are resistant to unholy torment.
You are immune to petrification.


   Skills:
 - Level 3.2 Fighting
 + Level 4.4 Axes
 - Level 3.2 Armour
 - Level 3.2 Shields


You had 3 spell levels left.
You didn't know any spells.
Your spell library was empty.

Inventory:

Hand Weapons
 g - a +0 flail
 Y - a +0 war axe (weapon)
Armour
 b - a +0 scale mail (worn)
 c - a +0 buckler (worn)
 k - a +0 cloak
Scrolls
 i - 2 scrolls of identify
 m - a scroll of fear {unknown}
Potions
 a - a potion of mutation
 d - a potion of might
 e - a potion of lignification
 f - a potion of resistance {unknown}
 h - a potion of cancellation {unknown}
 j - a potion of curing
 l - a potion of flight {unknown}

Dungeon Overview and Level Annotations

Branches:
Dungeon (3/15)

Altars:

Shops:
D:3 [

Annotations:
D:3 Sigmund


Message History

You closely miss something. Something hits you.
You miss something. Something hits you but does no damage.
You miss something. Something completely misses you.
You miss something. Something hits you but does no damage.
You hit something. Something hits you.
You barely miss something. Something hits you but does no damage.
You barely miss something. You miss something. Something hits you.
You closely miss something. Something hits you.
You hit something but do no damage.
You hear some strange, mumbled words.
You are confused.
Something hits you.
2368 ||| DRINKING 2 potions of curing.
You feel better.
2368 ||| (to cure confusion)
You barely miss something. Something hits you!
You miss something. Something hits you.
You slash something! Something hits you but does no damage.
You barely miss something.
You hear some strange, mumbled words.
A magic dart appears from out of thin air!
The magic dart hits you but does no damage.
You barely miss something. Something hits you.
You hit something but do no damage.
You hear some strange, mumbled words.
A puff of flame appears from out of thin air!
The puff of flame hits you!
You die...

# .. ..# .....
..##.##.#......
.#....@#?#......
........#......
#.......#<..... .##
#........ .. #........ #.
#.{###### #.#.##@.#.########
#........#.......#
#######.###.#.##.###.# ##
#.....#. #....#.# ###
.######.###.#.###......###.#
#..
..........#.#..............#
#.#
.######%#.#%#####.....######
#.# .# #...#...# #.....# #.#
.# #.......# #####.# #.#


There were no monsters in sight!

Vanquished Creatures
  Jessica (D:2)
  An adder (D:2)
  2 worms
  A dart slug (D:1)
  6 orcs (D:3)
  5 ball pythons
  5 bats
  7 endoplasms
  5 giant cockroaches
  3 goblins
  2 quokkas
  3 frilled lizards
  5 kobolds
  5 rats
51 creatures vanquished.

Notes
Turn   | Place    | Note
-------+----------+-------------------------------------------
     0 | D:1      | qw the Gargoyle Fighter began the quest for the Orb.
     0 | D:1      | Reached XP level 1. HP: 14/14 MP: 1/1
     0 | D:1      | 0 ||| qw: Version: 0.1-a-119-g272c26d
     0 | D:1      | 0 ||| qw: Game counter: 10950
     0 | D:1      | 0 ||| qw: Always use a shield: true
     0 | D:1      | 0 ||| qw: God list: Okawaru
     0 | D:1      | 0 ||| qw: Allow faded altars: false
     0 | D:1      | 0 ||| qw: Do Orc after D:15 true
     0 | D:1      | 0 ||| qw: Do second Lair branch before Depths: true
     0 | D:1      | 0 ||| qw: Lair rune preference: random
     0 | D:1      | 0 ||| qw: Plans: Normal, Zot, God:TSO, Crypt, Tomb, Pan,
                  | Slime, Hells, Zig, Abyss, Orb
     0 | D:1      | 0 ||| PLANNING D:1-11
    47 | D:1      | Reached skill level 2 in Axes
    54 | D:1      | 54 ||| DROPPING +0 club.
   120 | D:1      | Found a faded altar of an unknown god.
   128 | D:1      | Reached XP level 2. HP: 15/19 MP: 2/2
   585 | D:1      | 585 ||| READING scroll labelled CIPESTR JECA.
   686 | D:1      | 686 ||| READING 2 scrolls labelled PAMIPL MUETO.
   687 | D:1      | 687 ||| READING scroll labelled GAMEZI FAAK.
   688 | D:1      | 688 ||| READING scroll labelled ODWOADW NOIJIF.
   689 | D:1      | 689 ||| DRINKING 2 fuming pink potions.
   715 | D:1      | 715 ||| DRINKING 3 gluggy blue potions.
   794 | D:2      | Reached skill level 3 in Axes
   856 | D:2      | 856 ||| DROPPING +0 whip.
  1018 | D:2      | Reached XP level 3. HP: 18/23 MP: 3/3
  1409 | D:2      | Noticed Jessica
  1410 | D:2      | 1410 ||| Stepping ~*~*~tactically~*~*~ (hiding).
  1419 | D:2      | Killed Jessica
  1420 | D:2      | Reached skill level 4 in Axes
  1420 | D:2      | Reached XP level 4. HP: 28/28 MP: 4/4
  1700 | D:2      | 1700 ||| READING scroll labelled AQIYSY COIQ.
  1701 | D:2      | 1701 ||| READING scroll labelled OCZEFO EPYABO.
  1702 | D:2      | 1702 ||| READING scroll labelled REIVUOMOP.
  1703 | D:2      | 1703 ||| READING 2 scrolls of identify.
  1703 | D:2      | 1703 ||| IDENTIFYING lumpy yellow potion
  1814 | D:3      | 1814 ||| Stepping ~*~*~tactically~*~*~ (stealth).
  1985 | D:3      | Found Bammic's Antique Armour Shop.
  2018 | D:3      | 2018 ||| FLEEEEING.
  2019 | D:3      | 2019 ||| FLEEEEING.
  2047 | D:3      | 2047 ||| BUYING cloak (94 gold).
  2047 | D:3      | Bought a cloak for 94 gold pieces
  2047 | D:3      | 2047 ||| SHOPLISTING helmet (94 gold, have 33).
  2047 | D:3      | 2047 ||| SHOPLISTING shiny chain mail (157 gold, have 33).
  2047 | D:3      | 2047 ||| SHOPLISTING shiny orb (252 gold, have 33).
  2338 | D:3      | Noticed Sigmund
  2339 | D:3      | 2339 ||| Stepping ~*~*~tactically~*~*~ (hiding).
  2342 | D:3      | 2342 ||| Stepping ~*~*~tactically~*~*~ (hiding).
  2343 | D:3      | 2343 ||| Stepping ~*~*~tactically~*~*~ (hiding).
  2345 | D:3      | 2345 ||| Stepping ~*~*~tactically~*~*~ (hiding).
  2346 | D:3      | 2346 ||| Stepping ~*~*~tactically~*~*~ (hiding).
  2368 | D:3      | 2368 ||| DRINKING 2 potions of curing.
  2368 | D:3      | 2368 ||| (to cure confusion)
  2373 | D:3      | HP: 5/28 [something (5)]
  2374 | D:3      | Killed from afar by Sigmund

Levels and vault maps discovered:
D:1:      giann_wishing_wells, layout_basic,
          hellmonk_ecumenical_altar_arch_garden
D:2:      wad_river_or_something, layout_loops_ring,
          nicolae_concentric_dashed_squares_mild, minmay_misc_feat_plants,
          item_on_display_a, uniq_jessica
D:3:      layout_loops_cross, serial_shops, shop_fountains,
          dreamdust_princess_bridge, kennysheep_crisscross, uniq_sigmund

Skill      XL: |  1  2  3 |
---------------+----------+-----
Axes           | 2 3 4 |  4.4
Fighting       | |  3.2
Armour         | |  3.2
Shields        | |  3.2

Action                   |  1- 3 |  4- 6 || total
-------------------------+-------+-------++-------
Melee: War axe           |    89 |    75 ||   164
  Use: Scroll            |     4 |     4 ||     8
       Potion            |     2 |     1 ||     3
Armor: Scale mail        |    36 |    26 ||    62
Dodge: Dodged            |    46 |    23 ||    69
Block: Buckler           |    16 |     5 ||    21

Table legend:
 A = Non-vault XP
 B = Vault XP
 C = Vault XP percentage of total XP
 D = Non-vault monster count
 E = Vault monster count
 F = Vault count percentage of total count
                 A         B        C        D         E       F
            +---------+---------+-------+---------+---------+-------
      Total |      94 |      53 |  36.1 |      41 |      10 |  19.6
            +---------+---------+-------+---------+---------+-------
        D:1 |      25 |       0 |   0.0 |      13 |       0 |   0.0
        D:2 |      26 |      53 |  67.1 |       9 |      10 |  52.6
        D:3 |      43 |       0 |   0.0 |      19 |       0 |   0.0
            +---------+---------+-------+---------+---------+-------
